TOP OF THE 1ST |
Lowell Spinners batting - Pitching for Vermont Lake Monsters : RHP Tyler Deloatch
|
Pitching: RHP Tyler Deloatch
|
|
Batting: RHB Jim Hubbard
|
0-0: Ball 1-0: Ball 2-0: Called Strike 2-1: Called Strike 2-2: Ball 3-2: Ground out 4-3 (Groundball, 4, EV 103.8 MPH)
|
Batting: SHB Eric Evans
|
0-0: Ball 1-0: Ball 2-0: SINGLE (Line Drive, 5D, EV 110.0 MPH)
|
Batting: RHB Mike Batko
|
0-0: Foul Ball, location: 2F 0-1: Ball 1-1: Swinging Strike 1-2: Foul Ball, location: 2F 1-2: Ball 2-2: Strikes out swinging
|
Batting: RHB Alex Cardenas
|
0-0: Ball 1-0: Foul Ball, location: 2F 1-1: Foul Ball, location: 2F 1-2: Strikes out swinging
|
Top of the 1st over - 0 runs, 1 hit, 0 errors, 1 left on base; Lowell 0 - Vermont 0 |
BOTTOM OF THE 1ST |
Vermont Lake Monsters batting - Pitching for Lowell Spinners : RHP Justin Swenson
|
Pitching: RHP Justin Swenson
|
|
Batting: RHB Franklin Salazar
|
0-0: Ground out 4-3 (Groundball, 4MS, EV 88.1 MPH)
|
Batting: RHB Larry Clark
|
0-0: Ball 1-0: Ball 2-0: Fly out, F7 (Line Drive, 78M, EV 85.6 MPH)
|
Batting: LHB Alejandro Muniz
|
0-0: Ball 1-0: Ball 2-0: Called Strike 2-1: Foul Ball, location: 2F 2-2: Ground out 4-3 (Groundball, 34D, EV 96.9 MPH)
|
Bottom of the 1st over - 0 runs, 0 hits, 0 errors, 0 left on base; Lowell 0 - Vermont 0 |
TOP OF THE 2ND |
Lowell Spinners batting - Pitching for Vermont Lake Monsters : RHP Tyler Deloatch
|
Batting: RHB Tony Nunez
|
0-0: Foul Ball, location: 2F 0-1: Foul Ball, location: 2F 0-2: SOLO HOME RUN (Flyball, 89XD, EV 106.9 MPH), Distance : 419 ft
|
Batting: SHB Salvador Padilla
|
0-0: Called Strike 0-1: Ball 1-1: Ball 2-1: Foul Ball, location: 2F 2-2: Foul Ball, location: 2F 2-2: Foul Ball, location: 2F 2-2: Ball 3-2: DOUBLE (Line Drive, 89M, EV 95.6 MPH)
|
Batting: RHB Scott Hawkins
|
0-0: Called Strike 0-1: Ball 1-1: Foul Ball, location: 2F 1-2: Ball 2-2: Foul Ball, location: 2F 2-2: Fly out, F8 (Line Drive, 8RM, EV 92.5 MPH)
|
Batting: RHB Curt Stallings
|
0-0: Called Strike 0-1: Called Strike 0-2: Strikes out swinging
|
Batting: RHB Mike Strey
|
0-0: Ground out 6-3 (Groundball, 6, EV 103.1 MPH)
|
Top of the 2nd over - 1 run, 2 hits, 0 errors, 1 left on base; Lowell 1 - Vermont 0 |
BOTTOM OF THE 2ND |
Vermont Lake Monsters batting - Pitching for Lowell Spinners : RHP Justin Swenson
|
Batting: RHB David Herrera
|
0-0: Foul Ball, location: 2F 0-1: Foul Ball, location: 2F 0-2: Ball 1-2: Strikes out swinging
|
Batting: LHB Ed Talamantes
|
0-0: Ball 1-0: SINGLE (Line Drive, 8RS, EV 95.0 MPH)
|
Batting: RHB Walt Alaniz
|
0-0: Called Strike 0-1: Foul Ball, location: 2F 0-2: Ball 1-2: Strikes out swinging
|
Batting: RHB Micah Roth
|
0-0: Ball 1-0: Fielders Choice at 2nd, 5-4 (Groundball, 5L, EV 83.1 MPH)
|
Bottom of the 2nd over - 0 runs, 1 hit, 0 errors, 1 left on base; Lowell 1 - Vermont 0 |
TOP OF THE 3RD |
Lowell Spinners batting - Pitching for Vermont Lake Monsters : RHP Tyler Deloatch
|
Batting: RHB Jim Hubbard
|
0-0: Foul Ball, location: 2F 0-1: Ball 1-1: Ball 2-1: Foul Ball, location: 2F 2-2: DOUBLE (Line Drive, 9LM, EV 110.0 MPH)
|
Batting: SHB Eric Evans
|
0-0: SINGLE (Line Drive, 6D, EV 95.6 MPH) Jim Hubbard to third
|
Batting: RHB Mike Batko
|
0-0: Ball 1-0: Ball 2-0: Ball 3-0: Base on Balls Eric Evans to second
|
Batting: RHB Alex Cardenas
|
0-0: Ball 1-0: Ball 2-0: Called Strike 2-1: Foul Ball, location: 2F 2-2: Strikes out swinging
|
Batting: RHB Tony Nunez
|
0-0: Ball 1-0: Ball 2-0: Ball 3-0: Base on Balls Jim Hubbard scores Eric Evans to third Mike Batko to second
|
Batting: SHB Salvador Padilla
|
0-0: Ball 1-0: Called Strike 1-1: Ball 2-1: Ball 3-1: Fly out, F9 (Flyball, 89M, EV 79.4 MPH)
|
Batting: RHB Scott Hawkins
|
0-0: Called Strike 0-1: Ground out 3-1 (Groundball, 34, EV 92.5 MPH)
|
Top of the 3rd over - 1 run, 2 hits, 0 errors, 3 left on base; Lowell 2 - Vermont 0 |
BOTTOM OF THE 3RD |
Vermont Lake Monsters batting - Pitching for Lowell Spinners : RHP Justin Swenson
|
Batting: RHB Tim Anderson
|
0-0: Foul Ball, location: 2F 0-1: Ball 1-1: Called Strike 1-2: SINGLE (Groundball, P, EV 80.0 MPH) (infield hit)
|
Batting: RHB Ricky Trejo
|
0-0: Called Strike 0-1: Grounds into double play, 6-4-3 (Groundball, 6, EV 108.1 MPH)
|
Batting: RHB Franklin Salazar
|
0-0: Called Strike 0-1: Ball 1-1: Called Strike 1-2: Strikes out swinging
|
Bottom of the 3rd over - 0 runs, 1 hit, 0 errors, 0 left on base; Lowell 2 - Vermont 0 |
TOP OF THE 4TH |
Lowell Spinners batting - Pitching for Vermont Lake Monsters : RHP Tyler Deloatch
|
Batting: RHB Curt Stallings
|
0-0: Ball 1-0: Called Strike 1-1: Foul Ball, location: 2F 1-2: Ball 2-2: Strikes out swinging
|
Batting: RHB Mike Strey
|
0-0: Called Strike 0-1: Swinging Strike 0-2: Ball 1-2: Foul Ball, location: 2F 1-2: Ground out 3-1 (Groundball, 34S, EV 85.6 MPH)
|
Batting: RHB Jim Hubbard
|
0-0: Called Strike 0-1: Called Strike 0-2: Ball 1-2: Foul Ball, location: 2F 1-2: Foul Ball, location: 2F 1-2: Strikes out swinging
|
Top of the 4th over - 0 runs, 0 hits, 0 errors, 0 left on base; Lowell 2 - Vermont 0 |
BOTTOM OF THE 4TH |
Vermont Lake Monsters batting - Pitching for Lowell Spinners : RHP Justin Swenson
|
Batting: RHB Larry Clark
|
0-0: Ball 1-0: Ball 2-0: Called Strike 2-1: Ball 3-1: Foul Ball, location: 2F 3-2: Strikes out swinging
|
Batting: LHB Alejandro Muniz
|
0-0: Ball 1-0: Foul Ball, location: 2F 1-1: Called Strike 1-2: Strikes out swinging
|
Batting: RHB David Herrera
|
0-0: Fly out, F8 (Flyball, 8LD, EV 96.2 MPH)
|
Bottom of the 4th over - 0 runs, 0 hits, 0 errors, 0 left on base; Lowell 2 - Vermont 0 |
TOP OF THE 5TH |
Lowell Spinners batting - Pitching for Vermont Lake Monsters : RHP Tyler Deloatch
|
Batting: SHB Eric Evans
|
0-0: Ball 1-0: Ball 2-0: Called Strike 2-1: Ball 3-1: Called Strike 3-2: Ground out 5-3 (Groundball, 56, EV 81.9 MPH)
|
Batting: RHB Mike Batko
|
0-0: SINGLE (Groundball, 6MD, EV 106.9 MPH)
|
Batting: RHB Alex Cardenas
|
0-0: Foul Ball, location: 2F 0-1: Ball 1-1: Swinging Strike 1-2: Ball 2-2: SINGLE (Groundball, 6D, EV 99.4 MPH) Mike Batko to second
|
Batting: RHB Tony Nunez
|
0-0: Ball 1-0: Foul Ball, location: 2F 1-1: Foul Ball, location: 2F 1-2: SINGLE (Line Drive, 89S, EV 104.4 MPH) Mike Batko to third Alex Cardenas to second Runner from 3rd tries for Home, SAFE, throw by CF to home
|
Batting: SHB Salvador Padilla
|
Balk! Alex Cardenas to third Tony Nunez to second 0-0: Ball 1-0: Ball 2-0: Fly out, F9 (Flyball, 9, EV 89.4 MPH)
|
Pitching: RHP Ray Leuthauser
|
|
Batting: RHB Scott Hawkins
|
0-0: Ball 1-0: Ball 2-0: SINGLE (Line Drive, 8RS, EV 101.9 MPH) Alex Cardenas scores Tony Nunez to third
|
Batting: RHB Curt Stallings
|
0-0: Called Strike 0-1: Called Strike 0-2: Ball 1-2: Ball 2-2: Ball 3-2: DOUBLE (Line Drive, 9LM, EV 108.8 MPH) Tony Nunez scores Scott Hawkins to third Scott Hawkins scores
|
Batting: RHB Mike Strey
|
0-0: Foul Ball, location: 2F 0-1: Ball 1-1: Ground out 5-3 (Groundball, 56S, EV 93.1 MPH)
|
Top of the 5th over - 4 runs, 5 hits, 0 errors, 1 left on base; Lowell 6 - Vermont 0 |
BOTTOM OF THE 5TH |
Vermont Lake Monsters batting - Pitching for Lowell Spinners : RHP Justin Swenson
|
Batting: LHB Ed Talamantes
|
0-0: Called Strike 0-1: Called Strike 0-2: Strikes out looking
|
Batting: RHB Walt Alaniz
|
0-0: Called Strike 0-1: Ball 1-1: Called Strike 1-2: Ball 2-2: Strikes out looking
|
Batting: RHB Micah Roth
|
0-0: Ground out 6-3 (Groundball, 56, EV 87.5 MPH)
|
Bottom of the 5th over - 0 runs, 0 hits, 0 errors, 0 left on base; Lowell 6 - Vermont 0 |
TOP OF THE 6TH |
Lowell Spinners batting - Pitching for Vermont Lake Monsters : RHP Ray Leuthauser
|
Batting: RHB Jim Hubbard
|
0-0: Ball 1-0: Swinging Strike 1-1: Ball 2-1: Called Strike 2-2: Strikes out swinging
|
Batting: SHB Eric Evans
|
0-0: Called Strike 0-1: Ball 1-1: Foul Ball, location: 2F 1-2: Ball 2-2: Foul Ball, location: 2F 2-2: Strikes out swinging
|
Batting: RHB Mike Batko
|
0-0: SINGLE (Line Drive, 7S, EV 88.8 MPH)
|
Batting: RHB Alex Cardenas
|
0-0: Called Strike 0-1: Ball 1-1: Swinging Strike 1-2: Ball 2-2: Strikes out swinging
|
Top of the 6th over - 0 runs, 1 hit, 0 errors, 1 left on base; Lowell 6 - Vermont 0 |
BOTTOM OF THE 6TH |
Vermont Lake Monsters batting - Pitching for Lowell Spinners : RHP Justin Swenson
|
Batting: RHB Tim Anderson
|
0-0: Ball 1-0: Ball 2-0: Ball 3-0: Called Strike 3-1: Foul Ball, location: 2F 3-2: Foul Ball, location: 2F 3-2: Foul Ball, location: 2F 3-2: Foul Ball, location: 2F 3-2: Ground out 2-3 (Groundball, 13S, EV 69.4 MPH)
|
Batting: RHB Ricky Trejo
|
0-0: Called Strike 0-1: Foul Ball, location: 2F 0-2: SINGLE (Line Drive, 8RM, EV 95.6 MPH)
|
Batting: RHB Franklin Salazar
|
0-0: Ball Ricky Trejo is caught stealing 2nd base 2-4 1-0: Foul Ball, location: 2F 1-1: Foul Ball, location: 2F 1-2: Ball 2-2: Ball 3-2: Fly out, F7 (Flyball, 78D, EV 93.1 MPH)
|
Bottom of the 6th over - 0 runs, 1 hit, 0 errors, 0 left on base; Lowell 6 - Vermont 0 |
TOP OF THE 7TH |
Lowell Spinners batting - Pitching for Vermont Lake Monsters : RHP Ray Leuthauser
|
Batting: RHB Tony Nunez
|
0-0: Called Strike 0-1: Ball 1-1: Ball 2-1: Swinging Strike 2-2: Strikes out swinging
|
Batting: SHB Salvador Padilla
|
0-0: Swinging Strike 0-1: Called Strike 0-2: Strikes out swinging
|
Batting: RHB Scott Hawkins
|
0-0: Swinging Strike 0-1: Ball 1-1: Ball 2-1: SINGLE (Line Drive, 4D, EV 98.1 MPH)
|
Batting: RHB Curt Stallings
|
0-0: Called Strike 0-1: Swinging Strike 0-2: Ball 1-2: Strikes out swinging
|
Top of the 7th over - 0 runs, 1 hit, 0 errors, 1 left on base; Lowell 6 - Vermont 0 |
BOTTOM OF THE 7TH |
Vermont Lake Monsters batting - Pitching for Lowell Spinners : RHP Justin Swenson
|
Batting: RHB Larry Clark
|
0-0: Ball 1-0: Foul Ball, location: 2F 1-1: Swinging Strike 1-2: Ball 2-2: Strikes out swinging
|
Batting: LHB Alejandro Muniz
|
0-0: Fly out, F9 (Flyball, 89M, EV 94.4 MPH)
|
Batting: RHB David Herrera
|
0-0: Called Strike 0-1: Foul Ball, location: 2F 0-2: Strikes out swinging
|
Bottom of the 7th over - 0 runs, 0 hits, 0 errors, 0 left on base; Lowell 6 - Vermont 0 |
TOP OF THE 8TH |
Lowell Spinners batting - Pitching for Vermont Lake Monsters : RHP Ray Leuthauser
|
Batting: RHB Mike Strey
|
0-0: Ball 1-0: Ball 2-0: Called Strike 2-1: Ball 3-1: SINGLE (Groundball, 56D, EV 100.0 MPH)
|
Batting: RHB Jim Hubbard
|
0-0: Called Strike 0-1: Ball 1-1: Foul Ball, location: 2F 1-2: Ball 2-2: Ball 3-2: Foul Ball, location: 2F 3-2: Strikes out swinging
|
Pitching: RHP Jeff Heaster
|
|
Batting: SHB Eric Evans
|
0-0: Fielders Choice at 2nd, 6-4 (Groundball, 6, EV 102.5 MPH)
|
Batting: RHB Mike Batko
|
0-0: Ball 1-0: Ball 2-0: Foul Ball, location: 2F 2-1: Swinging Strike 2-2: Ball Wild Pitch! Eric Evans to second 3-2: Strikes out swinging, 2-3 out at first.
|
Top of the 8th over - 0 runs, 1 hit, 0 errors, 1 left on base; Lowell 6 - Vermont 0 |
BOTTOM OF THE 8TH |
Vermont Lake Monsters batting - Pitching for Lowell Spinners : RHP Justin Swenson
|
Batting: LHB Ed Talamantes
|
0-0: SINGLE (Line Drive, 7LS, EV 108.1 MPH)
|
Batting: RHB Walt Alaniz
|
0-0: Foul Ball, location: 2F 0-1: Ball 1-1: Grounds into double play, 6-4-3 (Groundball, 6S, EV 91.2 MPH)
|
Batting: RHB Micah Roth
|
0-0: TRIPLE (Line Drive, 78XD, EV 104.4 MPH)
|
Batting: RHB Tim Anderson
|
0-0: Called Strike 0-1: Ball 1-1: Ball 2-1: Foul Ball, location: 2F 2-2: Ball 3-2: Base on Balls
|
Pitching: RHP Marco Benavente
|
|
Batting: RHB Ricky Trejo
|
0-0: SINGLE (Groundball, 34D, EV 101.2 MPH) Micah Roth scores Tim Anderson to second Runner from 2nd tries for 3rd, SAFE, throw by RF made to third
|
Batting: RHB Franklin Salazar
|
0-0: Called Strike 0-1: Ball 1-1: Ball Passed Ball! Tim Anderson scores Ricky Trejo to second 2-1: Ball 3-1: Base on Balls
|
Batting: RHB Larry Clark
|
0-0: Foul Ball, location: 2F 0-1: Swinging Strike 0-2: Ball 1-2: Foul Ball, location: 2F 1-2: Ball 2-2: Foul Ball, location: 2F 2-2: Strikes out swinging
|
Bottom of the 8th over - 2 runs, 3 hits, 0 errors, 2 left on base; Lowell 6 - Vermont 2 |
TOP OF THE 9TH |
Lowell Spinners batting - Pitching for Vermont Lake Monsters : RHP Jeff Heaster
|
Batting: RHB Alex Cardenas
|
0-0: Ball 1-0: Called Strike 1-1: Foul Ball, location: 2F 1-2: Ball 2-2: Ball 3-2: Ground out 6-3 (Groundball, 6S, EV 86.2 MPH)
|
Batting: RHB Tony Nunez
|
0-0: Called Strike 0-1: Ball 1-1: Called Strike 1-2: Strikes out swinging
|
Batting: SHB Salvador Padilla
|
0-0: Called Strike 0-1: SINGLE (Groundball, 5S, EV 66.2 MPH) (infield hit)
|
Batting: RHB Scott Hawkins
|
0-0: Ball 1-0: Fly out, F4 (Popup, 4, EV 69.4 MPH)
|
Top of the 9th over - 0 runs, 1 hit, 0 errors, 1 left on base; Lowell 6 - Vermont 2 |
BOTTOM OF THE 9TH |
Vermont Lake Monsters batting - Pitching for Lowell Spinners : RHP Marco Benavente
|
Batting: LHB Alejandro Muniz
|
0-0: Fly out, F7 (Flyball, 7D, EV 98.8 MPH)
|
Batting: RHB David Herrera
|
0-0: Ball 1-0: Ball 2-0: Ball 3-0: Called Strike 3-1: Base on Balls
|
Batting: LHB Ed Talamantes
|
0-0: Ball 1-0: Foul Ball, location: 2F 1-1: Called Strike 1-2: Foul Ball, location: 2F 1-2: Ball 2-2: Ball 3-2: Fly out, F7 (Line Drive, 7, EV 89.4 MPH)
|
Pitching: LHP Rob Hymowitz
|
|
Batting: RHB Walt Alaniz
|
0-0: Ball 1-0: Called Strike 1-1: Ball 2-1: Ball 3-1: Called Strike 3-2: Foul Ball, location: 2F 3-2: Base on Balls David Herrera to second
|
Pitching: RHP Ross Ratcliffe
|
|
Batting: RHB Micah Roth
|
0-0: Called Strike 0-1: Foul Ball, location: 2F 0-2: Ground out 6-3 (Groundball, 6M, EV 111.2 MPH)
|
Bottom of the 9th over - 0 runs, 0 hits, 0 errors, 2 left on base; Lowell 6 - Vermont 2 |
|